 Dungeon Crawl Stone Soup version 0.27.1-1-g398f81649c (webtiles) character file.

Game seed: 12519934632636024833

139689 Borgoz the Tortoise (level 17, -33/156 HPs)
             Began as a Ghoul Monk on Sept 16, 2021.
             Was the Champion of Okawaru.
             Killed from afar by Nikola (53 damage)
             ... with an arc of chain lightning
             ... on level 1 of the Spider Nest.
             The game lasted 01:04:08 (26893 turns).

Borgoz the Tortoise (Ghoul Monk)                   Turns: 26893, Time: 01:04:09

Health: -33/156    AC: 15    Str: 24    XL:     17   Next: 29%
Magic:  24/24      EV: 18    Int: 14    God:    Okawaru [******]
Gold:   4174       SH:  0    Dex: 18    Spells: 16/16 levels left

rFire    + + +     SeeInvis +     - Unarmed
rCold    + . .     Faith    +   (no shield)
rNeg     + + +     Spirit   .   l - +1 scale mail "Riuj" {Int+6 Slay+2}
rPois    ∞         Reflect  .   c - +2 helmet {SInv}
rElec    +         Harm     .   x - +0 cloak
rCorr    +         Rampage  +   P - +3 pair of gauntlets of War {Slay+5}
Will     ++...                  e - +0 pair of boots {rampage}
Stlth    +.........             b - amulet "Pisompigh" {Faith rElec Regen+ rCorr}
HPRegen  0.00/turn              s - ring "Niekke Kont" {rF+ Str+7}
MPRegen  0.19/turn              F - ring "Sotum" {Drain rF++ Will+ Int+3 Dex+2}

@: corroded, inhibited regen
A: claws 1, cold resistance 1, negative energy resistance 3, inhibited
regeneration, torment resistance 2
a: Renounce Religion, Heroism, Finesse


You were on level 1 of the Spider Nest.
You worshipped Okawaru.
Okawaru was exalted by your worship.
You visited 6 branches of the dungeon, and saw 26 of its levels.
You also visited: Trove, Bailey and Volcano.

You collected 5029 gold pieces.
You spent 855 gold pieces at shops.

Inventory:

Armour
 c - a +2 helmet of see invisible (worn)
 d - a +0 helmet of intelligence
 e - a +0 pair of boots of rampaging (worn)
 k - a +2 chain mail of fire resistance
 l - the +1 scale mail "Riuj" (worn) {Int+6 Slay+2}
   (You found it on level 1 of the Lair of Beasts)

   Int:       It affects your intelligence (+6).
   Slay:      It affects your accuracy & damage with ranged weapons and melee
   (+2).
 q - a +3 scale mail of fire resistance
 u - a scarf of harm
 v - a +3 ring mail of cold resistance
 x - a +0 cloak (worn)
 H - the +0 hat of Compression {rC+}
   (Okawaru gifted it to you on level 4 of the Lair of Beasts)

   rC:        It protects you from cold.
 P - the +3 pair of gauntlets of War (worn) {Slay+5}
   (You acquired it in a bailey)

   Slay:      It affects your accuracy & damage with ranged weapons and melee
   (+5).
Jewellery
 a - an amulet of reflection
 b - the amulet "Pisompigh" (around neck) {Faith rElec Regen+ rCorr}
   (You acquired it on level 6 of the Dungeon)

   [amulet of faith]

   It allows you to gain divine favour quickly.
   rElec:     It insulates you from electricity.
   Regen:     It increases your rate of health regeneration.
   rCorr:     It protects you from acid and corrosion.
 g - the ring of Happiness {Wiz rF+}
   (You took it off an orc on level 10 of the Dungeon)

   [ring of wizardry]

   It improves your spell success rate.
   rF:        It protects you from fire.
 s - the ring "Niekke Kont" (left hand) {rF+ Str+7}
   (You found it in a treasure trove)

   [ring of protection from fire]

   Str:       It affects your strength (+7).
   rF:        It protects you from fire.
 w - a ring of protection from cold
 F - the ring "Sotum" (right hand) {Drain rF++ Will+ Int+3 Dex+2}
   (You acquired it on level 2 of the Lair of Beasts)

   [ring of willpower]

   Int:       It affects your intelligence (+3).
   Dex:       It affects your dexterity (+2).
   rF:        It greatly protects you from fire.
   Drain:     It drains your maximum health when unequipped.
   Will:      It increases your willpower.
 U - an amulet of guardian spirit
 X - a ring of flight
Wands
 r - a wand of flame (56)
 B - a wand of paralysis (4)
 C - a wand of mindburst (9)
 K - a wand of acid (21)
 L - a wand of digging (10)
Scrolls
 h - 13 scrolls of teleportation
 i - 3 scrolls of amnesia
 j - 5 scrolls of fog
 n - a scroll of silence
 o - 2 scrolls of enchant armour
 y - a scroll of brand weapon
 D - a scroll of enchant weapon
 J - a scroll of fear
 N - a scroll of summoning
 Q - 2 scrolls of torment
 R - 2 scrolls of identify
Potions
 m - 11 potions of curing
 p - 4 potions of might
 t - 4 potions of haste
 z - 4 potions of brilliance
 A - 4 potions of cancellation
 E - 3 potions of heal wounds
 G - 2 potions of attraction
 O - a potion of ambrosia


   Skills:
 + Level 15.4 Fighting
 + Level 15.9 Armour
 + Level 13.2 Dodging
 - Level 2.1 Stealth
 + Level 15.4 Unarmed Combat
 - Level 10.7 Invocations


You had 16 spell levels left.
You didn't know any spells.
Your spell library contained the following spells:

 Spells                   Type           Power      Damage    Failure   Level
 Corona                   Hex            0%         N/A       47%         1
 Sting                    Tmut/Pois      0%         1d3       47%         1
 Blink                    Tloc           N/A        N/A       63%         2
 Ensorcelled Hibernation  Hex/Ice        0%         N/A       63%         2
 Passwall                 Tmut/Erth      0%         N/A       63%         2
 Poisonous Vapours        Pois/Air       0%         N/A       63%         2
 Slow                     Hex            0%         N/A       63%         2
 Call Canine Familiar     Summ           0%         N/A       85%         3
 Confusing Touch          Hex            0%         N/A       85%         3
 Dazzling Flash           Conj/Hex       0%         N/A       85%         3
 Gell's Gravitas          Tloc           0%         N/A       85%         3
 Ignite Poison            Fire/Tmut/Pois 0%         N/A       85%         3
 Lesser Beckoning         Tloc           0%         N/A       85%         3
 Mephitic Cloud           Conj/Pois/Air  0%         N/A       85%         3
 Ozocubu's Armour         Ice            0%         N/A       85%         3
 Portal Projectile        Hex/Tloc       0%         N/A       85%         3
 Swiftness                Air            0%         N/A       85%         3
 Teleport Other           Tloc           0%         N/A       85%         3
 Tukima's Dance           Hex            0%         N/A       85%         3
 Leda's Liquefaction      Hex/Erth       0%         N/A       99%         4
 Olgreb's Toxic Radiance  Pois           0%         N/A       99%         4
 Petrify                  Tmut/Erth      0%         N/A       99%         4
 Summon Ice Beast         Ice/Summ       0%         N/A       99%         4
 Agony                    Necr           0%         N/A       100%        5
 Bolt of Magma            Conj/Fire/Erth 0%         4d4       100%        5
 Excruciating Wounds      Necr           0%         N/A       100%        5
 Manifold Assault         Tloc           0%         N/A       100%        5
 Metabolic Englaciation   Hex/Ice        0%         N/A       100%        5
 Silence                  Hex/Air        0%         N/A       100%        5
 Summon Mana Viper        Hex/Summ       0%         N/A       100%        5
 Yara's Violent Unravell  Hex/Tmut       0%         3d3       100%        5
 Invisibility             Hex            0%         N/A       100%        6
 Shadow Creatures         Summ           N/A        N/A       100%        6
 Monstrous Menagerie      Summ           0%         N/A       100%        7
 Ozocubu's Refrigeration  Ice            0%         4d5       100%        7
 Spider Form              Tmut/Pois      Unusable   N/A       N/A         3
 Blade Hands              Tmut           Unusable   N/A       N/A         5
 Statue Form              Tmut/Erth      Unusable   N/A       N/A         6

Dungeon Overview and Level Annotations

Branches:
Dungeon (15/15)            Temple (1/1) D:6            Lair (6/6) D:11
 Shoals (1/4) Lair:4       Spider (1/4) Lair:2        Slime (0/5) Lair:6
    Orc (2/2) D:10            Elf (0/3) Orc:2        Vaults (0/5) D:14
 Depths (0/5) D:15         Bailey (visited)         Volcano (visited)

Altars:
Ashenzari
Cheibriados
Dithmenos
Elyvilon
Fedhas
Gozag
Hepliaklqana
Kikubaaqudgha
Makhleb
Nemelex Xobeh
Okawaru
Qazlal
Ru
Sif Muna
Trog
Uskayaw
Vehumet
Wu Jian
Xom
Yredelemnul
Zin
The Shining One
Beogh

Shops:
D:2 (   D:6 (*:   D:7 :   D:10 ?   Orc:2 !*?:

Annotations:
Spider:1 Nikola


Innate Abilities, Weirdness & Mutations

You thrive by killing the living.
You are immune to poison.
You have sharp fingernails.
Your flesh is cold resistant. (rC+)
You are immune to negative energy. (rN+++)
You do not regenerate when monsters are visible.
You are immune to unholy pain and torment.


Message History

You hit Nikola.
Nikola is severely wounded.
Nikola hits you with a +3 rapier of electrocution!
You are too injured to fight recklessly!
You are too injured to fight recklessly!
You are too injured to fight recklessly!
You are too injured to fight recklessly!
You are too injured to fight recklessly!
You are too injured to fight recklessly!
You are too injured to fight recklessly!
You are too injured to fight recklessly!
You are too injured to fight recklessly!
You are too injured to fight recklessly!
You are too injured to fight recklessly!
You are too injured to fight recklessly!
You are too injured to fight recklessly!
You are too injured to fight recklessly!
You are too injured to fight recklessly!
You are too injured to fight recklessly!
You are too injured to fight recklessly!
You are too injured to fight recklessly!
You are too injured to fight recklessly!
You are too injured to fight recklessly!
You punch Nikola!
Nikola is severely wounded.
You pummel Nikola!!
Nikola is almost dead.
Nikola casts a spell.
Lightning arcs from Nikola's hands!
The bolt of lightning hits you!!! You resist.
* * * LOW HITPOINT WARNING * * *
A bolt of lightning appears from out of thin air!
The bolt of lightning hits Nikola.
You hear an angry hiss. x2; You hear a hideous shriek! x2
You closely miss Nikola.
Nikola is almost dead.
Nikola casts a spell.
Lightning arcs from Nikola's hands!
The bolt of lightning hits you!!! You resist.
You die...

^.#..............##
..#..####..........
..#.....#.......#
..#....###...#..#
..#.#....##.s####
..###...##.^.s..#
..#...#..#.#.†.#####
..#..##..###..^....#
#.#...#....##...@..#
###...###...#...#@..#
#.......#.#.#...##...#
#...#...#####.... ####
##.)##.....##..#..
.....##.....#..#^#
...#..##....#.. ##
...#^..##.#####
####....###


You could see Nikola and 2 tarantellas.

Vanquished Creatures
  Gastronok (D:11)
  Roxanne (D:14)
  Donald (Orc:2)
  2 orc warlords
  The ghost of funkygono the Destroyer, a journeyman GrFE of Vehumet (Lair:5)
  An entropy weaver (Spider:1)
  Snorg (D:11)
  2 ettins
  The ghost of PeMo the Severer, a journeyman MiBe of Trog (D:9)
  12 hydras
  4 boulder beetles
  A merfolk avatar (Shoals:1)
  An alligator snapping turtle (Shoals:1)
  Erica (D:7)
  An ogre mage (Orc:2)
  6 centaur warriors
  2 dancing weapons (D:14)
  2 two-headed ogres (Orc:2)
  23 death yaks
  5 orc high priests
  Urug (D:12)
  2 tengu warriors (D:15)
  A hell knight (Volcano)
  A sea snake (Shoals:1)
  3 lindwurms
  An orb spider (Spider:1)
  2 wizards
  Pikel (D:4)
  4 deep elf pyromancers
  10 orc sorcerers
  2 wolf spiders (Spider:1)
  11 ugly things
  7 orc knights
  5 cyclopes
  An oklob plant (Lair:5)
  2 manticores
  9 black mambas
  2 molten gargoyles (Volcano)
  3 merfolk sirens (Lair:4)
  An ice statue (Lair:5)
  A smoke demon (Volcano)
  19 cane toads
  6 torpor snails
  An unseen horror (D:12)
  A kobold demonologist (D:10)
  5 rime drakes
  10 komodo dragons
  2 red devils (Volcano)
  3 demonic crawlers (Spider:1)
  4 jumping spiders
  5 trolls
  A merfolk (Lair:4)
  A wind drake (Shoals:1)
  5 polar bears
  7 hornets
  17 blink frogs
  16 slime creatures
  12 dream sheep
  A vampire (D:12)
  9 tarantellas
  2 wraiths
  13 spriggans (Lair:6)
  5 wyverns
  8 redbacks
  6 fire bats (Volcano)
  74 yaks
  3 basilisks
  Eustachio (D:6)
  2 steam dragons
  Grum (D:8)
  2 vampire mosquitoes
  Menkaure (D:7)
  9 wargs
  2 hell hounds (Volcano)
  An acid dragon (D:13)
  11 water moccasins
  49 orc warriors
  4 black bears
  An ice beast (D:5)
  15 ogres
  5 boggarts
  17 centaurs
  A phantom (D:7)
  42 wolves
  3 lemures (D:3)
  3 kobold brigands
  Blork the orc (D:6)
  16 bullfrogs
  2 scorpions (D:5)
  3 gnoll sergeants (D:10)
  6 wights
  4 killer bees
  2 electric eels
  4 howler monkeys
  A crimson imp (D:6)
  7 lava snakes
  4 centaur zombies
  5 hounds
  4 jellies
  2 gnoll shamans
  28 orc priests
  3 iguanas
  2 bullfrog skeletons
  24 orc wizards
  A hell rat (D:11)
  A hound skeleton (D:4)
  A howler monkey zombie (D:9)
  24 gnolls
  8 adders
  A river rat (D:11)
  A white imp (D:6)
  An ufetubus (D:6)
  A worm (D:2)
  2 dart slugs
  115 orcs
  7 endoplasms
  2 giant cockroaches
  34 goblins
  15 hobgoblins
  3 jackals (D:1)
  7 kobolds
  4 quokkas
  10 ball pythons
  10 bats
  7 rats
918 creatures vanquished.

Vanquished Creatures (others)
  An entropy weaver (Spider:1)
  A demonic crawler (Spider:1)
  A redback (Spider:1)
  A water moccasin (Lair:6)
  An orc priest (Orc:2)
  An orc (Orc:2)
  A quokka (D:11)
  A rat (D:11)
  20 fungi
  49 plants
77 creatures vanquished.

Grand Total: 995 creatures vanquished

Notes
Turn   | Place    | Note
-------+----------+-------------------------------------------
     0 | D:1      | Borgoz the Ghoul Monk began the quest for the Orb.
     0 | D:1      | Reached XP level 1. HP: 19/19 MP: 0/0
   187 | D:1      | Reached XP level 2. HP: 26/26 MP: 1/1
   276 | D:1      | Reached skill level 1 in Armour
   541 | D:1      | Reached XP level 3. HP: 31/31 MP: 2/2
   819 | D:1      | Found a faded altar of an unknown god.
  1730 | D:2      | Found Leysuedd's Weapon Boutique.
  1931 | D:2      | Reached XP level 4. HP: 40/40 MP: 3/3
  2386 | D:3      | Found a sacrificial altar of Ru.
  2672 | D:3      | Reached XP level 5. HP: 26/46 MP: 4/4
  2813 | D:3      | Found a sparkling altar of Nemelex Xobeh.
  2813 | D:3      | Found an opulent altar of Gozag.
  3413 | D:4      | Found a shimmering blue altar of Sif Muna.
  3415 | D:4      | Found an ancient bone altar of Kikubaaqudgha.
  3447 | D:4      | Reached XP level 6. HP: 48/52 MP: 5/5
  3618 | D:4      | Found the amulet of Vitality {Regen+ HP+15}
  3624 | D:4      | Noticed Pikel
  4279 | D:4      | Found an ornate altar of the Wu Jian Council.
  4384 | D:4      | HP: 3/68 [Pikel (2)]
  4386 | D:4      | Killed Pikel
  4387 | D:4      | Reached skill level 5 in Fighting
  4387 | D:4      | Reached skill level 5 in Unarmed Combat
  4387 | D:4      | Reached XP level 7. HP: 5/61 MP: 6/6
  4548 | D:5      | Entered Level 5 of the Dungeon
  4563 | D:5      | Found a bloodstained altar of Trog.
  4819 | D:5      | Reached XP level 8. HP: 68/68 MP: 7/7
  5043 | D:5      | Reached skill level 5 in Armour
  5723 | D:6      | Found a staircase to the Ecumenical Temple.
  5739 | D:6      | Reached skill level 5 in Dodging
  5745 | Temple   | Entered the Ecumenical Temple
  5814 | Temple   | Became a worshipper of Warmaster Okawaru
  5814 | Temple   | Reached * piety under Okawaru
  5814 | Temple   | Reached ** piety under Okawaru
  6015 | D:6      | Noticed Blork the orc
  6016 | D:6      | Noticed Eustachio
  6027 | D:6      | Identified 2 scrolls of acquirement
  6027 | D:6      | Acquired the amulet "Pisompigh" {Faith rElec Regen+ rCorr}
  6053 | Temple   | Acquired a +0 helmet of see invisible
  6118 | D:6      | Found a burning altar of Makhleb.
  6196 | D:6      | Found Oprupe's Assorted Antiques.
  6197 | D:6      | Found Fajum's Antique Weapon Emporium.
  6204 | D:6      | Bought a gilded ring for 85 gold pieces
  6265 | D:6      | Found Myeraam's Book Shop.
  6381 | D:6      | Found a shadowy altar of Dithmenos.
  6381 | D:6      | Found a radiant altar of Vehumet.
  6446 | D:6      | Noticed a hornet
  6465 | D:6      | Killed a hornet
  6466 | D:6      | Reached XP level 9. HP: 63/78 MP: 6/8
  6538 | D:6      | Killed Eustachio
  6687 | D:6      | Killed Blork the orc
  6688 | D:6      | Reached skill level 1 in Invocations
  6697 | D:6      | Reached *** piety under Okawaru
  6891 | D:7      | Noticed Menkaure
  6899 | D:7      | Killed Menkaure
  7235 | D:7      | Reached XP level 10. HP: 86/86 MP: 9/11
  7272 | D:7      | Found Taifocouvu's Book Shop.
  7424 | D:7      | Reached **** piety under Okawaru
  7503 | D:8      | Noticed Erica
  7542 | D:7      | Killed Erica
  7733 | D:8      | You fall into a shaft and drop 3 floors!
  7812 | D:11     | Noticed a death yak
  7816 | D:11     | Reached ***** piety under Okawaru
  7820 | D:11     | Noticed a death yak
  7820 | D:11     | Noticed Gastronok
  7824 | D:11     | Found a radiant altar of Vehumet.
  7900 | D:10     | Entered Level 10 of the Dungeon
  7962 | D:10     | Found a staircase to the Orcish Mines.
  8043 | D:9      | Received a gift from Okawaru
  8448 | D:8      | Noticed Grum
  8466 | D:8      | Killed Grum
  8847 | D:9      | Found a runed translucent gate.
  8847 | D:9      | Noticed an 11-headed hydra
  8848 | D:9      | Found a runed translucent gate.
  8868 | D:9      | Found a runed translucent gate.
  8869 | D:9      | Noticed PeMo's ghost (journeyman MiBe)
  8869 | D:9      | Noticed a nine-headed hydra
  9056 | D:9      | Acquired a manual of Armour
  9106 | D:10     | Received a gift from Okawaru
  9107 | D:10     | Reached XP level 11. HP: 91/95 MP: 11/13
  9116 | D:10     | Reached skill level 5 in Invocations
  9235 | D:10     | Found a blossoming altar of Fedhas.
  9344 | D:10     | Identified the ring of Happiness {Wiz rF+}
  9385 | D:10     | Noticed a white ugly thing
  9391 | D:10     | Noticed a wizard
  9405 | D:10     | Killed a white ugly thing
  9424 | D:10     | Killed a wizard
  9497 | D:10     | Found Suphahataj's Magic Scroll Shop.
  9518 | D:10     | Bought a scroll of identify for 24 gold pieces
  9518 | D:10     | Bought a scroll of teleportation for 36 gold pieces
  9518 | D:10     | Bought a scroll of teleportation for 36 gold pieces
  9697 | D:10     | Reached skill level 10 in Armour
  9892 | D:11     | Found a staircase to the Lair.
  9975 | D:11     | Killed Gastronok
  9978 | D:11     | Noticed a death yak
  9985 | D:11     | Noticed Snorg
 10094 | Lair:1   | Entered Level 1 of the Lair of Beasts
 10142 | Lair:1   | Identified the +2 pair of boots "Efis Qollu" {*Slow rElec
                  | rC- Int+8} (Okawaru gifted it to you on level 1 of the Lair
                  | of Beasts)
 10142 | Lair:1   | Received a gift from Okawaru
 10451 | Lair:1   | Reached XP level 12. HP: 95/106 MP: 16/16
 10467 | Lair:1   | Identified the +1 scale mail "Riuj" {Int+6 Slay+2}
 10938 | Lair:2   | Found a hole to the Spider Nest.
 11016 | Lair:2   | Noticed a seven-headed hydra
 11028 | Lair:2   | Killed a seven-headed hydra
 11029 | Lair:2   | Reached skill level 10 in Fighting
 11029 | Lair:2   | Reached skill level 10 in Unarmed Combat
 11143 | Lair:2   | Noticed a four-headed hydra
 11156 | Lair:2   | Killed a four-headed hydra
 11348 | Lair:2   | Noticed a boulder beetle
 11363 | Lair:2   | Reached ****** piety under Okawaru
 11451 | Lair:2   | Received a gift from Okawaru
 11617 | Lair:2   | Noticed a four-headed hydra
 11624 | Lair:2   | Killed a four-headed hydra
 11917 | Lair:2   | Reached XP level 13. HP: 114/114 MP: 18/18
 12251 | Lair:2   | Acquired the ring "Sotum" {Drain rF++ Will+ Int+3 Dex+2}
 12311 | Lair:3   | Found a runed translucent door.
 12382 | Lair:3   | Found a dark tunnel.
 12425 | Volcano  | Entered a volcano
 12555 | Volcano  | Found a burning altar of Makhleb.
 12608 | Volcano  | Identified the +1 plate armour of the Teacher {Rampage}
                  | (Okawaru gifted it to you in a volcano)
 12608 | Volcano  | Received a gift from Okawaru
 13574 | Lair:3   | Found a runed translucent gate.
 13574 | Lair:3   | Identified the +8 whip of Calamity {freeze, rElec}
 13575 | Lair:3   | Found a runed translucent gate.
 13576 | Lair:3   | Found a runed translucent gate.
 13576 | Lair:3   | Found a runed translucent gate.
 13576 | Lair:3   | Found a runed translucent gate.
 13577 | Lair:3   | Found a runed translucent gate.
 13658 | Lair:3   | Reached skill level 10 in Dodging
 13743 | Lair:4   | Identified the +0 hat of Compression {rC+} (Okawaru gifted
                  | it to you on level 4 of the Lair of Beasts)
 13743 | Lair:4   | Received a gift from Okawaru
 13896 | Lair:4   | Reached XP level 14. HP: 115/125 MP: 18/20
 14090 | Lair:4   | Reached skill level 10 in Invocations
 14638 | Lair:4   | Found a staircase to the Shoals.
 14883 | Lair:5   | Found a transporter.
 14887 | Lair:5   | Noticed funkygono's ghost (journeyman GrFE)
 14930 | Lair:4   | Received a gift from Okawaru
 15522 | Lair:5   | Received a gift from Okawaru
 15546 | Lair:5   | Found a hide-covered altar of Uskayaw.
 15678 | Lair:5   | Found a transporter.
 15997 | Lair:6   | Entered Level 6 of the Lair of Beasts
 16285 | Lair:6   | Received a gift from Okawaru
 16352 | Lair:6   | Reached XP level 15. HP: 134/134 MP: 22/22
 16823 | Lair:6   | Found a staircase to the Slime Pits.
 17454 | Lair:6   | Identified the +2 great mace "Nostre" {vorpal, rPois rCorr
                  | Str+4 Stlth-} (Okawaru gifted it to you on level 6 of the
                  | Lair of Beasts)
 17454 | Lair:6   | Received a gift from Okawaru
 17778 | Lair:5   | Identified the +5 chain mail of the Modern Prophets {rPois
                  | Str-4 Dex+3}
 17821 | Lair:5   | Killed funkygono's ghost
 18188 | D:9      | Killed PeMo's ghost
 18203 | D:9      | Identified the +7 broad axe "Ralang" {vorpal, rF+}
 18205 | D:9      | Identified the +9 flail "Lafaes" {vorpal, rC+ SInv}
 18315 | D:11     | Killed Snorg
 18402 | D:11     | Received a gift from Okawaru
 18402 | D:11     | Found the +4 dagger "Morg" {pain, Will+ Int+5}
 18544 | D:11     | Identified the +5 dagger of Ecvizika {venom, rElec rCorr}
 19377 | D:12     | Found a portal to a secret trove of treasure.
 19661 | D:12     | Noticed Urug
 19669 | D:12     | Killed Urug
 19670 | D:12     | Reached skill level 15 in Armour
 19904 | D:13     | Reached XP level 16. HP: 143/146 MP: 21/23
 20490 | D:14     | Noticed Roxanne
 20508 | D:13     | Identified the +8 hand axe "Daefog" {vorpal, *Rage rPois
                  | Str+5 SInv} (Okawaru gifted it to you on level 13 of the
                  | Dungeon)
 20508 | D:13     | Received a gift from Okawaru
 20586 | D:14     | Found a flagged portal.
 20627 | Bailey   | Entered a bailey
 20970 | Bailey   | Acquired the +3 pair of gauntlets of War {Slay+5}
 20970 | Bailey   | Found the +3 pair of gauntlets of War {Slay+5}
 20977 | Bailey   | Acquired 1207 gold pieces
 21046 | D:14     | Found a gate to the Vaults.
 21345 | D:14     | Paralysed by an orc sorcerer for 4 turns
 22285 | D:14     | Killed Roxanne
 22404 | D:15     | Entered Level 15 of the Dungeon
 22689 | D:15     | Found a staircase to the Depths.
 22721 | D:15     | Received a gift from Okawaru
 23233 | Orc:1    | Entered Level 1 of the Orcish Mines
 23385 | Orc:1    | Paralysed by an orc sorcerer for 5 turns
 23396 | Orc:1    | Paralysed by an orc sorcerer for 3 turns
 23763 | Orc:2    | Entered Level 2 of the Orcish Mines
 24159 | Orc:2    | Received a gift from Okawaru
 24366 | Orc:2    | Found Pydar's Book Boutique.
 24388 | Orc:2    | Received a gift from Okawaru
 24469 | Orc:2    | Found Zethrowu's Magic Scroll Shop.
 24481 | Orc:2    | Reached skill level 15 in Unarmed Combat
 24501 | Orc:2    | Bought a scroll of teleportation for 51 gold pieces
 24501 | Orc:2    | Bought a scroll of enchant armour for 127 gold pieces
 24501 | Orc:2    | Bought a scroll of torment for 127 gold pieces
 24501 | Orc:2    | Bought a scroll of identify for 34 gold pieces
 24501 | Orc:2    | Bought a scroll of identify for 34 gold pieces
 24646 | Orc:2    | Noticed Donald
 24663 | Orc:2    | Killed Donald
 24664 | Orc:2    | Reached skill level 15 in Fighting
 24757 | Orc:2    | Identified the +0 scale mail "Kysm" {rN+}
 24825 | Orc:2    | Found a staircase to the Elven Halls.
 24968 | Orc:2    | Reached XP level 17. HP: 156/156 MP: 24/24
 25210 | Orc:2    | Found Etzamar's Distillery.
 25231 | Orc:2    | Bought a potion of haste for 120 gold pieces
 25231 | Orc:2    | Bought a potion of might for 48 gold pieces
 25231 | Orc:2    | Bought a potion of flight for 36 gold pieces
 25238 | Orc:2    | Found Kogye's General Store.
 25289 | Orc:2    | Bought a scroll of blinking for 97 gold pieces
 25520 | D:12     | You paid a toll of 5 scrolls of blinking to enter a
                  | treasure trove
 25521 | Trove    | Entered a treasure trove
 25525 | Trove    | Identified the amulet "Zitatoqas" {Acrobat rF+ Stlth+}
 25541 | Trove    | Identified the ring "Niekke Kont" {rF+ Str+7}
 25549 | Trove    | Identified the ring of Aqeehox {Drain rPois rC+ Int+6}
 25553 | Trove    | Identified the ring "Pasionel" {rC+ AC+4 Dex-4 SInv}
 25555 | Trove    | Identified the ring "Fuedus" {*Corrode rElec Str+6 Int+3}
 25756 | Shoals:1 | Entered Level 1 of the Shoals
 25901 | Shoals:1 | HP: 2/156 [alligator snapping turtle (22)]
 26048 | Shoals:1 | Received a gift from Okawaru
 26510 | Spider:1 | Entered Level 1 of the Spider Nest
 26594 | Spider:1 | Acquired 1264 gold pieces
 26877 | Spider:1 | Noticed Nikola
 26893 | Spider:1 | Killed from afar by Nikola

Illustrated notes

Levels and vault maps discovered:
D:1:      minmay_arrival_plants_in_alcoves, layout_loops_ring,
          shapermc_ecumenical_altar_petra
D:2:      layout_basic, serial_rivers, chequers_serial_rivers_large_b,
          chequers_serial_rivers_micro_e, chequers_serial_rivers_large_a,
          chequers_serial_rivers_micro_c, chequers_serial_rivers_micro_c,
          chequers_serial_rivers_small_3, serial_shops, nicolae_diamond_shop
D:3:      layout_basic, grunt_temple_overflow_opulence, lemuel_tele_altar,
          serial_rivers, chequers_serial_rivers_small_3,
          chequers_serial_rivers_micro_e, chequers_serial_rivers_micro_e,
          chequers_serial_rivers_marsh, chequers_serial_rivers_micro_a,
          kennysheep_donut, serial_bayou_pond_b
D:4:      layout_basic, nzn_wu_jian_contemplation,
          chequers_temple_overflow_statue_of_worship, uniq_pikel
D:5:      layout_basic, lemuel_crystal_altar
D:6:      layout_loops_corners, makhleb_grotto_becter,
          gammafunk_temple_overflow_pools, minmay_temple_entry_stoned_glass,
          serial_shops, shop, nicolae_shop_temple_entry_statues_fountains,
          shop_statue, sword_in_stone
D:7:      layout_basic, serial_shops, kennysheep_mini,
          kennysheep_generic_room_13, uniq_menkaure
D:8:      layout_basic, uniq_erica, uniq_grum
D:9:      layout_big_octagon, gammafunk_ghost_hydra_chop,
          amcnicky_mini_corridor_feature, kennysheep_generic_room_14
D:10:     layout_roguey, fedhas_altar_4, kennysheep_orc_monster_closet_entryway,
          serial_shops, nicolae_stop_n_shop_2, minmay_radiant
D:11:     layout_loops_ring, dpeg_lair_monsters, fiery_altar_vehumet,
          uniq_gastronok, uniq_snorg
D:12:     layout_roguey, enter_trove_0, uniq_urug
D:13:     layout_basic
D:14:     layout_basic, erik_vaults_1, enter_bailey_5, uniq_roxanne
D:15:     hangedman_depths_entry_civil_slaughter, layout_cave_pools
Temple:   eino_wide_crystal_templ
Lair:1:   layout_gridlike
Lair:2:   nzn_winding_woodlands_medium [nzn_winding_woodlands_5x5_three,
          nzn_winding_woodlands_5x15_twine, nzn_winding_woodlands_5x5_perimeter,
          nzn_winding_woodlands_5x5_default,
          nzn_winding_woodlands_center_garden, nzn_winding_woodlands_5x5_cross,
          nzn_winding_woodlands_5x5_checkerboard,
          nzn_winding_woodlands_5x15_jagged, nzn_winding_woodlands_5x5_default],
          layout_cave_shapes, spider_nest_entry_rubble
Lair:3:   gammafunk_indiana_jones, layout_chaotic_city, enter_volcano_2,
          chequers_serial_rivers_micro_e
Lair:4:   layout_cave_pods, elwin_shoals_entry_stream
Lair:5:   layout_cave_shapes, basic_altar, nzn_ghost_randoct
Lair:6:   minmay_lair_end_enchanted_forest, layout_cave_pods,
          nicolae_slime_entry_slimehenge
Shoals:1: layout_shoals
Spider:1: layout_spider_delve, nicolae_spider_circle_web, drop_trap, uniq_nikola
Orc:1:    layout_caves, nicolae_orc_pool_cavern
Orc:2:    pubby_orc_utopia, serial_shops, uniq_donald

Skill      XL: |  1  2  3  4  5  6  7  8  9 10 11 12 13 14 15 16 |
---------------+-------------------------------------------------+-----
Armour         | 1 2 3 4 6 7 9 10 12 13 14 15 | 15.9
Dodging        | 3 4 5 6 7 8 9 10 11 12 13 | 13.2
Unarmed Combat | 4 5 6 7 8 9 10 11 12 14 15 | 15.4
Fighting       | 4 5 6 7 8 9 10 11 12 14 15 | 15.4
Invocations    | 2 4 6 8 9 10 | 10.7
Stealth        | |  2.1

Action                   |  1- 3 |  4- 6 |  7- 9 | 10-12 | 13-15 | 16-18 || total
-------------------------+-------+-------+-------+-------+-------+-------++-------
Melee: Unarmed           |   145 |   180 |   338 |   776 |  1438 |  1009 ||  3886
       Punch             |     2 |     3 |    15 |    38 |   122 |    92 ||   272
Throw: Throwing net      |       |       |       |     1 |       |       ||     1
Invok: Heroism           |       |       |     6 |    26 |    39 |    22 ||    93
Evoke: Wand              |       |       |       |       |     7 |     2 ||     9
  Use: Scroll            |       |     3 |     8 |     5 |    17 |     6 ||    39
       Potion            |       |     2 |     2 |     3 |     6 |     6 ||    19
 Stab: Sleeping          |     2 |     5 |       |       |     1 |     2 ||    10
       Held in net/web   |       |       |       |     2 |       |       ||     2
       Invisible         |       |       |       |       |       |     8 ||     8
Armor: Robe              |    36 |    21 |     1 |       |       |       ||    58
       Scale mail        |       |       |    29 |    51 |   395 |   306 ||   781
       Ring mail         |       |       |    59 |   177 |       |       ||   236
Dodge: Dodged            |   104 |   104 |   274 |   708 |  1421 |   893 ||  3504
